 Dungeon Crawl Stone Soup version 0.29-a0-982-gaed3a0c8d8 (webtiles) character file.

Game seed: 9383212926562126555

108 inmateoo the Trooper (level 4, -1/32 (35) HPs)
             Began as a Demonspawn Fighter on Aug 1, 2022.
             Slain by a wight
             ... wielding a +0 flail
              (9 damage)
             ... on level 2 of the Dungeon.
             The game lasted 00:01:34 (1861 turns).

inmateoo the Trooper (Demonspawn Fighter)           Turns: 1861, Time: 00:01:34

HP:   -1/32 (35)    AC: 11    Str: 19    XL:     4   Next: 58%
MP:   4/4           EV: 12    Int:  9    God:
Gold: 91            SH:  4    Dex: 12    Spells: 3/3 levels left

rFire   . . .      SeeInvis .   a - +0 war axe
rCold   . . .      Faith    .   c - +0 buckler
rNeg    . . .      Spirit   .   n - +0 chain mail
rPois   .          Reflect  .   (no helmet)
rElec   .          Harm     .   f - +0 cloak
rCorr   .          Rampage  .   (no gloves)
Will    .....                   (no boots)
Stlth   ..........              h - amulet of regeneration
HPRegen 0.90/turn               (no ring)
MPRegen 0.09/turn               (no ring)

@: agile, drained
A: powered by pain 1, sharp scales 1, weakness stinger 1
a: no special abilities


You were on level 2 of the Dungeon.
You visited 1 branch of the dungeon, and saw 3 of its levels.

You collected 91 gold pieces.

Inventory:

Hand Weapons
 a - a +0 war axe (weapon)
Armour
 c - a +0 buckler (worn)
 f - a +0 cloak (worn)
 n - a +0 chain mail (worn)
Jewellery
 h - an amulet of regeneration (around neck)
Wands
 k - a wand of mindburst (16)
Scrolls
 d - a scroll of torment {unknown}
 g - a scroll of poison {unknown}
 j - 2 scrolls of blinking
 l - a scroll of immolation {unknown}
Potions
 e - a potion of curing
 i - a potion of lignification {unknown}
 m - 2 potions of attraction {unknown}


   Skills:
 + Level 3.4 Fighting
 * Level 2.9 Axes
 + Level 3.2 Armour
 + Level 1.2 Dodging
 + Level 3.1 Shields


You had 3 spell levels left.
You didn't know any spells.
Your spell library contained the following spells:

 Spells                   Type           Power      Damage    Failure   Level
 Freeze                   Ice            0%         1d3       99%         1
 Frozen Ramparts          Ice            0%         1d8       100%        3
 Ignite Poison            Fire/Tmut/Pois 0%         N/A       100%        3
 Mephitic Cloud           Conj/Pois/Air  0%         N/A       100%        3
 Hailstorm                Conj/Ice       0%         3d3       100%        4
 Freezing Cloud           Conj/Ice/Air   0%         6-21      100%        5


Dungeon Overview and Level Annotations

Branches:
Dungeon (3/15)

Altars:


Innate Abilities, Weirdness & Mutations

You sometimes gain a little power by taking damage.
You are partially covered in razor-sharp scales. (AC +1, Slay +1)
You have a small tail.


Message History

There is a stone staircase leading up here.
The rat barely misses you. You block the goblin's attack.
The wight hits you with a +0 flail.
You climb upwards.
There is a stone staircase leading down, spattered with blood here.
You closely miss the wight. You hit the rat. You hit the goblin.
You kill the goblin!
The wight hits you but does no damage. The rat bites you but does no damage.
You barely miss the rat. You tail-slap the rat.
You kill the rat!
You closely miss the wight. The wight barely misses you.
The wight hits you but does no damage.
You barely miss the wight. The wight hits you with a +0 flail!
You feel drained.
You closely miss the wight. You block the wight's attack.
You closely miss the wight.
Your tail-slap misses the wight.
The wight hits you but does no damage. The wight closely misses you.
You hit the wight.
The wight is lightly damaged.
The wight hits you with a +0 flail!
You closely miss the wight.
The wight is lightly damaged.
The wight hits you with a +0 flail!
You focus on the pain.
You feel agile all of a sudden.
You feel drained.
You are too injured to fight recklessly!
You hit the wight.
The wight is heavily damaged.
The wight closely misses you. x2
You hit the wight but do no damage. You tail-slap the wight.
The wight is almost destroyed.
The wight hits you with a +0 flail.
* * * LOW HITPOINT WARNING * * *
You feel drained.
* * * LOW HITPOINT WARNING * * *
You are too injured to fight recklessly!
You hit the wight.
The wight is almost destroyed.
The wight hits you with a +0 flail!
You die...

#.## ##...............
#..###.#.........#.###
#...#.....#...#..#.###
##...........÷...#....
#.#.###.######.######
#....##.# ##'##
#..#.##.# ##.).##
#...[##.# ##.....##
#.#.@##.###.......##
#..†)z..##.........##
##.......'.........'.
##...####.........##
#..## ##.......##
###.## ##.....## #...#
##...## #.### ##'##
#.# #.#


You could see a wight.

Vanquished Creatures
  A wight (D:2)
  3 adders (D:2)
  A dart slug (D:2)
  An orc (D:3)
  4 ball pythons
  3 endoplasms
  A giant cockroach (D:3)
  3 goblins
  A hobgoblin (D:1)
  2 jackals (D:3)
  A quokka (D:2)
  2 bats
  3 frilled lizards
  A kobold (D:1)
  2 rats
29 creatures vanquished.

Notes
Turn   | Place    | Note
-------+----------+-------------------------------------------
     0 | D:1      | inmateoo the Demonspawn Fighter began the quest for the
                  | Orb.
     0 | D:1      | Reached XP level 1. HP: 18/18 MP: 1/1
    39 | D:1      | Found a faded altar of an unknown god.
   301 | D:1      | Gained mutation: You are partially covered in razor-sharp
                  | scales. (AC +1, Slay +1) [demonic ancestry]
   301 | D:1      | Reached XP level 2. HP: 22/24 MP: 2/2
   649 | D:2      | HP: 1/24 [poisoned by an adder]
   928 | D:2      | Gained mutation: You have a small tail. [demonic ancestry]
   928 | D:2      | Reached XP level 3. HP: 26/29 MP: 3/3
  1780 | D:3      | Noticed a wight
  1780 | D:3      | Noticed a wight
  1780 | D:3      | Noticed a wight
  1781 | D:3      | Noticed a wight
  1835 | D:2      | Killed a wight
  1836 | D:2      | Reached skill level 1 in Dodging
  1836 | D:2      | Gained mutation: You sometimes gain a little power by
                  | taking damage. [demonic ancestry]
  1836 | D:2      | Reached XP level 4. HP: 25/35 MP: 4/4
  1861 | D:2      | Slain by a wight

Illustrated notes

Levels and vault maps discovered:
D:1:      scummos_arrival_forest, layout_loops_ring,
          ebering_ecumenical_altar_box
D:2:      layout_loops_corners
D:3:      layout_rooms

Skill      XL: |  1  2  3 |
---------------+----------+-----
Axes           | 2 |  2.9
Shields        | 3 |  3.1
Armour         | 3 |  3.2
Dodging        | 1 |  1.2
Fighting       | |  3.4

Action                   |  1- 3 |  4- 6 || total
-------------------------+-------+-------++-------
Melee: War axe           |    88 |    10 ||    98
       Tailslap          |     3 |     2 ||     5
  Use: Scroll            |     6 |       ||     6
       Potion            |     3 |       ||     3
Armor: Scale mail        |    31 |       ||    31
       Chain mail        |    20 |     5 ||    25
Dodge: Dodged            |    52 |     7 ||    59
Block: Buckler           |    18 |     3 ||    21

Table legend: (Time is in decaauts)
 A = Elapsed time spent in this place.
 B = Non-inter-level travel time spent in this place.
 C = Inter-level travel time spent in this place.
 D = Time resting spent in this place.
 E = Time spent auto-exploring this place.
 F = Levels seen in this place.
 G = Mean time per level.
                   A        B        C        D        E       F      G
               +--------+--------+--------+--------+--------+-----+--------+
         Total |   1902 |   1816 |     86 |    208 |   1267 |   3 |  634.0 |
       Dungeon |   1902 |   1816 |     86 |    208 |   1267 |   3 |  634.0 |
               +--------+--------+--------+--------+--------+-----+--------+

Top non-repeatable levels by time:
     D:2: 1087 daAuts
     D:1: 624 daAuts
     D:3: 191 daAuts
